 Dungeon Crawl Stone Soup version 0.28-a0-381-g937acc2988 (webtiles) character file.

Game seed: 3787016364787797587

2655 siradein the Carver (level 9, -4/74 HPs)
             Began as a Deep Dwarf Fighter on Sept 1, 2021.
             Was an Initiate of Makhleb.
             Slain by a yak (13 damage)
             ... on level 6 of the Dungeon.
             The game lasted 00:18:21 (6761 turns).

siradein the Carver (Deep Dwarf Fighter)            Turns: 6761, Time: 00:18:21

Health: -4/74      AC:  6    Str: 23    XL:     9   Next: 36%
Magic:  6/6        EV: 11    Int:  9    God:    Makhleb [......]
Gold:   275        SH:  4    Dex: 12    Spells: 8/8 levels left

rFire   + . .      SeeInvis +   a - +0 long sword
rCold   . . .      Faith    .   c - +0 buckler
rNeg    . . .      Spirit   .   E - +2 leather armour {rF+}
rPois   .          Reflect  .   h - +0 helmet
rElec   .          Harm     .   (no cloak)
rCorr   .          Rampage  .   (no gloves)
Will    +....                   (no boots)
Stlth   +.........              (no amulet)
HPRegen 0.00/turn               y - ring of see invisible
MPRegen 0.10/turn               (no ring)

@: no status effects
A: damage resistance, heal wounds, sense surroundings 2, no regeneration
a: Heal Wounds, Renounce Religion


You were on level 6 of the Dungeon.
You worshipped Makhleb.
Makhleb was noncommittal.
You visited 2 branches of the dungeon, and saw 8 of its levels.
You also visited: Ossuary.

You collected 389 gold pieces.
You spent 114 gold pieces at shops.

Inventory:

Hand Weapons
 a - a +0 long sword (weapon)
Missiles
 n - a throwing net
 B - 9 poisoned darts
Armour
 c - a +0 buckler (worn)
 h - a +0 helmet (worn)
 E - a +2 leather armour of fire resistance (worn)
Jewellery
 l - a ring of wizardry
 t - a +6 ring of intelligence
 y - a ring of see invisible (left hand)
Scrolls
 i - 4 scrolls of teleportation
 j - a scroll of amnesia
 k - 2 scrolls of summoning
 o - a scroll of blinking {unknown}
 p - a scroll of enchant armour {unknown}
 r - a scroll of brand weapon {unknown}
 w - 2 scrolls of magic mapping
 z - a scroll of enchant weapon {unknown}
 C - 2 scrolls of identify
 D - a scroll of immolation {unknown}
Potions
 d - 3 potions of might
 e - a potion of mutation
 f - a potion of magic
 g - 2 potions of curing
 m - a potion of lignification
 q - 3 potions of flight
 s - a potion of attraction
 u - 2 potions of haste
 v - a potion of cancellation
 x - a potion of resistance
 A - a potion of heal wounds {unknown}


   Skills:
 - Level 2.6 Fighting
 + Level 12.2 Long Blades
 - Level 3.2 Armour
 - Level 3.2 Shields
 * Level 4.1 Invocations


You had 8 spell levels left.
You didn't know any spells.
Your spell library contained the following spells:

 Spells                   Type           Power      Damage    Failure   Level
 Animate Skeleton         Necr           0%         N/A       45%         1
 Apportation              Tloc           0%         N/A       45%         1
 Corona                   Hex            0%         N/A       45%         1
 Pain                     Necr           0%         1d4       45%         1
 Summon Small Mammal      Summ           0%         N/A       45%         1
 Gell's Gravitas          Tloc           0%         N/A       83%         3
 Teleport Other           Tloc           0%         N/A       83%         3
 Agony                    Necr           0%         N/A       100%        5
 Excruciating Wounds      Necr           0%         N/A       100%        5
 Iskenderun's Battlesphe  Conj           0%         2d6       100%        5
 Conjure Ball Lightning   Conj/Air       0%         3x3d6     100%        6
 Dispersal                Tloc           0%         N/A       100%        6
 Orb of Destruction       Conj           0%         N/A       100%        7


Dungeon Overview and Level Annotations

Branches:
Dungeon (7/15)             Temple (1/1) D:4         Ossuary (visited)

Altars:
Ashenzari
Cheibriados
Dithmenos
Elyvilon
Fedhas
Gozag
Hepliaklqana
Kikubaaqudgha
Makhleb
Nemelex Xobeh
Okawaru
Qazlal
Ru
Sif Muna
Trog
Uskayaw
Vehumet
Wu Jian
Xom
Yredelemnul
Zin
The Shining One

Shops:
D:4 !   D:5 ?


Innate Abilities, Weirdness & Mutations

You are resistant to damage.
You can heal yourself by infusing magical energy.
You passively map the area around you.
You do not regenerate.


Message History

You hit the yak.
You kill the yak!
Makhleb accepts your kill.
Your Invocations skill increases to level 4!
You barely miss the yak. The yak barely misses you.
You barely miss the yak. The yak gores you!
You slash the yak!
The yak is moderately wounded.
The yak gores you!
You barely miss the yak.
The yak is moderately wounded.
The yak gores you!
* * * LOW HITPOINT WARNING * * *
You hit the yak but do no damage.
The yak is moderately wounded.
You closely miss the yak.
The yak is moderately wounded.
You block the yak's attack.
You hit the yak but do no damage.
The yak is moderately wounded.
The yak barely misses you.
You slash the yak!
The yak is heavily wounded.
You block the yak's attack.
You closely miss the yak.
The yak is heavily wounded.
The yak gores you.
You barely miss the yak.
The yak is heavily wounded.
You block the yak's attack.
You hit the yak.
The yak is severely wounded.
You hit the yak but do no damage.
The yak is severely wounded.
The yak gores you.
* * * LOW HITPOINT WARNING * * *
You barely miss the yak.
The yak is severely wounded.
The yak gores you!
You die...

#.........# #.........##
#..........# ...........#
...........# ...........#
...........###
.............#####
...........#...Y@###### ######
...........######.....#####....#
...........# #####.......####
...........# ###..####
#.........## #...# #.........#
##..## ##........# #...#
#.######## #..## ### #.##


You could see a yak.

Vanquished Creatures
  3 yaks (D:6)
  An orc warrior (D:6)
  3 sky beasts
  An ice beast (D:6)
  2 necrophages
  A centaur (D:6)
  4 elf zombies (Ossuary)
  A kobold brigand (D:6)
  A bullfrog (D:3)
  A water moccasin zombie (D:7)
  4 scorpions
  A water moccasin skeleton (D:5)
  A howler monkey (D:6)
  3 centaur zombies (Ossuary)
  A bullfrog skeleton (D:6)
  An orc priest (D:5)
  2 human zombies (Ossuary)
  2 hounds (D:5)
  A centaur skeleton (D:6)
  An iguana (D:4)
  4 orc wizards
  Terence (D:2)
  A hound zombie (Ossuary)
  A hound skeleton (D:4)
  2 howler monkey zombies
  4 mummies
  3 gnolls (D:4)
  2 adders
  4 adder zombies
  2 adder skeletons
  A worm (D:3)
  3 dart slugs
  17 orcs
  8 ball pythons
  3 bats
  4 endoplasms
  3 giant cockroaches
  9 goblins
  4 hobgoblins
  8 jackals
  5 kobolds
  A quokka (D:4)
  A frilled lizard (D:3)
  3 goblin zombies (Ossuary)
  8 hobgoblin zombies
  3 jackal zombies (Ossuary)
  7 kobold zombies (Ossuary)
  A quokka zombie (Ossuary)
  4 rat zombies (Ossuary)
152 creatures vanquished.

Notes
Turn   | Place    | Note
-------+----------+-------------------------------------------
     0 | D:1      | siradein the Deep Dwarf Fighter began the quest for the
                  | Orb.
     0 | D:1      | Reached XP level 1. HP: 20/20 MP: 1/1
   276 | D:1      | Reached XP level 2. HP: 20/27 MP: 2/2
   502 | D:1      | Reached skill level 3 in Long Blades
  1692 | D:2      | Reached XP level 3. HP: 21/33 MP: 3/3
  1720 | D:2      | Noticed Terence
  1726 | D:2      | Killed Terence
  1727 | D:2      | Reached skill level 4 in Long Blades
  1879 | D:2      | Found a faded altar of an unknown god.
  2226 | D:3      | Noticed a bullfrog
  2240 | D:3      | Killed a bullfrog
  2241 | D:3      | Reached skill level 5 in Long Blades
  2241 | D:3      | Reached XP level 4. HP: 38/40 MP: 4/4
  2344 | D:3      | Found an ancient bone altar of Kikubaaqudgha.
  2452 | D:3      | Reached XP level 5. HP: 42/46 MP: 5/5
  3013 | D:4      | Reached skill level 6 in Long Blades
  3206 | D:4      | Reached XP level 6. HP: 47/55 MP: 5/5
  3227 | D:4      | Found Radua's Distillery.
  3405 | D:4      | Found a staircase to the Ecumenical Temple.
  3456 | D:4      | Reached skill level 7 in Long Blades
  3676 | D:5      | Entered Level 5 of the Dungeon
  3878 | D:5      | Reached XP level 7. HP: 45/61 MP: 6/6
  3954 | D:5      | Reached skill level 8 in Long Blades
  3954 | D:5      | Found Jaetwigo's Magic Scroll Emporium.
  3963 | D:5      | Bought a scroll of identify for 24 gold pieces
  4433 | D:5      | Bought a scroll of identify for 24 gold pieces
  4433 | D:5      | Bought a scroll of magic mapping for 42 gold pieces
  4433 | D:5      | Bought a scroll of identify for 24 gold pieces
  4537 | D:6      | Reached skill level 9 in Long Blades
  4553 | D:6      | Found a sand-covered staircase.
  4560 | Ossuary  | Entered an ossuary
  4690 | Ossuary  | Reached XP level 8. HP: 40/68 MP: 5/5
  4767 | Ossuary  | Reached skill level 10 in Long Blades
  5354 | D:6      | Reached skill level 11 in Long Blades
  5548 | D:6      | Gained mutation: You passively map the area around you.
                  | [Deep Dwarf growth]
  5548 | D:6      | Reached XP level 9. HP: 53/74 MP: 5/5
  5936 | D:7      | Reached skill level 12 in Long Blades
  6071 | Temple   | Entered the Ecumenical Temple
  6278 | Temple   | Became a worshipper of Makhleb the Destroyer
  6667 | D:6      | HP: 3/74 [yak (4)]
  6761 | D:6      | Slain by a yak

Illustrated notes

Levels and vault maps discovered:
D:1:      nicolae_arrival_somewhat_less_tricky_arrival, layout_basic,
          kennysheep_another_room
D:2:      layout_loops_cross, shapermc_ecumenical_altar_totnotflames,
          uniq_terence
D:3:      layout_basic, lemuel_round_altar, serial_curves, eino_curves_02,
          eino_curves_03
D:4:      layout_basic, minmay_temple_entry_statues, serial_shops, shop
D:5:      layout_basic, serial_shops, nicolae_diamond_shop
D:6:      layout_cave_pods, nicolae_ossuary_entry_giza
D:7:      layout_gridville
Temple:   minmay_crystal_snake_temple

Skill      XL: |  1  2  3  4  5  6  7  8  9 |
---------------+----------------------------+-----
Long Blades    | 3 5 6 7 9 11 12 | 12.2
Invocations    | 4 |  4.1
Fighting       | |  2.6
Armour         | |  3.2
Shields        | |  3.2

Action                   |  1- 3 |  4- 6 |  7- 9 || total
-------------------------+-------+-------+-------++-------
Melee: Long sword        |    98 |   129 |   493 ||   720
 Abil: Heal Wounds       |     1 |     2 |    18 ||    21
  Use: Scroll            |       |       |    12 ||    12
Armor: Scale mail        |    66 |    45 |   190 ||   301
       Leather armour    |       |       |     2 ||     2
Dodge: Dodged            |    46 |    54 |   188 ||   288
Block: Buckler           |    27 |    24 |    74 ||   125

Table legend: (Time is in decaauts)
 A = Elapsed time spent in this place.
 B = Non-inter-level travel time spent in this place.
 C = Inter-level travel time spent in this place.
 D = Time resting spent in this place.
 E = Time spent auto-exploring this place.
 F = Levels seen in this place.
 G = Mean time per level.
                   A        B        C        D        E       F      G
               +--------+--------+--------+--------+--------+-----+--------+
         Total |   6756 |   6143 |    613 |     21 |   4726 |   9 |  750.7 |
       Dungeon |   6088 |   5543 |    545 |     19 |   4437 |   7 |  869.7 |
        Temple |    237 |    170 |     67 |      0 |    151 |   1 |  237.0 |
       Ossuary |    430 |    430 |      0 |      2 |    138 |   1 |  430.0 |
               +--------+--------+--------+--------+--------+-----+--------+

Top non-repeatable levels by time:
     D:1: 1618 daAuts
     D:6: 1120 daAuts
     D:4: 833 daAuts
     D:5: 808 daAuts
     D:3: 729 daAuts
     D:2: 602 daAuts
 Ossuary: 430 daAuts
     D:7: 375 daAuts
  Temple: 237 daAuts
